Flyers vs Canucks
Created - May 6, 2019 at 19:32
Goals
|
| Flyers |
1 |
0 |
0 |
1 |
| Canucks |
0 |
2 |
0 |
2 |
|
Shots
|
| Flyers |
10 |
8 |
11 |
29 |
| Canucks |
11 |
13 |
7 |
31 |
|
1st period
1. Flyers , Drew Miller 45 (Jeff Carter 77) at 3:26
Penalties :
Drew Miller (Phi) for High sticking (Minor) at 9:48, Mike Ribeiro (Van) for Roughing (Minor) at 16:41
2nd period
2. Canucks , Derek Boogaard 17 (Scott Gomez 22, Alex Goligoski 59) at 4:27
3. Canucks , Brad Boyes 42 (Jamie McBain 41, Clarke MacArthur 17) at 14:26 (PP)
Penalties :
Marcus Kruger (Phi) for Hooking (Minor) at 13:30
3rd period
No Goal
Penalties :
Brad Boyes (Van) for Holding (Minor) at 9:35, Loui Eriksson (Phi) for Roughing (Minor) at 14:01
Goalie Stats
Cory Schneider (Phi), 29 saves from 31 shots - (0.935), L, 29-16-6, 59:19 minutes
Michal Neuvirth (Van), 28 saves from 29 shots - (0.966), W, 39-29-6, 60:00 minutes
Players Stats for Flyers
Player Name G A P +/- PIM S H SB GA TA FO MP PP MP PK MP
------------------------------------------------------------------------------------
Brian Lashoff 0 0 0 0 0 1 1 0 0 0 0/0 11:53 0:00 0:00
Chris Mcallister 0 0 0 0 0 2 2 0 1 0 1/1 17:54 1:46 0:29
Drew Miller 1 0 1 1 2 3 5 0 0 0 3/3 22:11 2:12 1:43
J.T. Miller 0 0 0 -1 0 1 2 0 0 1 0/0 13:21 0:04 1:27
Jakub Voracek 0 0 0 1 0 1 2 1 2 0 2/3 21:25 2:12 0:54
Jaromir Jagr 0 0 0 0 0 0 2 1 0 0 0/1 17:38 1:46 0:00
Jeff Carter 0 1 1 1 0 5 1 1 1 2 19/31 27:42 2:08 2:42
Jeff Woywitka 0 0 0 -1 0 2 0 0 2 1 0/0 23:09 2:26 2:27
Kyle Wellwood 0 0 0 0 0 3 2 0 0 1 11/17 18:28 1:46 1:03
Loui Eriksson 0 0 0 0 2 1 0 1 0 0 0/0 5:53 0:00 0:00
Marcus Kruger 0 0 0 -1 2 1 2 0 1 0 2/6 13:19 0:00 1:30
Mats Zuccarello 0 0 0 -1 0 3 1 0 0 0 0/0 11:28 0:00 0:00
Matt Smaby 0 0 0 1 0 1 2 1 0 1 0/0 21:56 1:32 2:27
Matthew Lombardi 0 0 0 0 0 0 0 0 0 0 1/4 5:44 0:00 0:00
Nathan Beaulieu 0 0 0 0 0 0 0 0 0 0 0/0 3:02 0:00 0:00
Oliver Ekman-Larsson 0 0 0 -1 0 3 1 2 2 0 0/0 26:11 2:26 2:27
Steve McCarthy 0 0 0 1 0 1 1 0 0 0 0/0 21:56 1:32 2:27
Victor Bartley 0 0 0 0 0 1 0 1 1 0 0/0 11:53 0:00 0:00
Players Stats for Canucks
Player Name G A P +/- PIM S H SB GA TA FO MP PP MP PK MP
------------------------------------------------------------------------------------
Alex Goligoski 0 1 1 0 0 1 2 6 0 0 0/0 29:16 3:13 2:03
Brad Boyes 1 0 1 0 2 1 1 0 0 0 2/4 22:35 2:49 1:00
Chris Higgins 0 0 0 0 0 3 2 0 1 0 0/0 23:02 2:05 2:10
Clarke MacArthur 0 1 1 -1 0 2 0 1 0 1 0/0 18:15 2:19 1:29
Danny DeKeiser 0 0 0 0 0 2 0 2 0 0 0/0 17:31 2:03 0:00
Derek Boogaard 1 0 1 1 0 2 3 0 0 0 0/0 10:18 0:00 0:19
Jamie McBain 0 1 1 0 0 1 2 2 1 1 0/0 28:59 3:19 1:55
Johan Franzen 0 0 0 0 0 0 2 0 0 1 1/2 9:32 0:00 1:37
Justin Falk 0 0 0 0 0 2 0 2 1 1 0/0 10:32 0:00 0:00
Ladislav Smid 0 0 0 0 0 1 2 1 0 1 0/0 14:45 1:10 1:55
Martins Karsums 0 0 0 1 0 4 1 0 0 0 0/0 9:53 0:00 0:00
Matt Stajan 0 0 0 0 0 2 2 1 0 2 14/36 22:35 2:49 1:04
Mike Ribeiro 0 0 0 -1 2 3 1 1 1 1 3/9 18:03 2:05 0:17
Nick Palmieri 0 0 0 -1 0 1 0 0 0 2 0/0 16:38 2:05 0:00
Nik Antropov 0 0 0 0 0 2 1 0 0 0 3/5 6:51 0:00 0:00
Ryan Hollweg 0 0 0 0 0 2 1 0 1 0 0/0 8:25 0:30 0:00
Scott Gomez 0 1 1 1 0 2 0 0 1 0 4/10 9:53 0:00 0:00
Steve Montador 0 0 0 0 0 0 1 1 0 0 0/0 18:57 0:03 2:03
3 Stars
1 - Michal Neuvirth (Van)
2 - Derek Boogaard (Van)
3 - Drew Miller (Phi)
Power Play
Flyers - 0 on 2 Attempt(s) - 0.00%
Canucks - 1 on 3 Attempt(s) - 33.33%
Penalty Kill
Flyers - 2 on 3 Attempt(s) - 66.67%
- Score 0 goal in Penalty Kill
Canucks - 2 on 2 Attempt(s) - 100.00%
- Score 0 goal in Penalty Kill
Team Stat
Flyers - Hits : 24 - Faceoff Wins : 39 - Blocked Shots : 8 - Penalty Minutes : 6
Canucks - Hits : 21 - Faceoff Wins : 27 - Blocked Shots : 17 - Penalty Minutes : 4
Official
Referees : Unknown
Linesman : Unknown
Game Notes
No Game Note
Finance
Level 1 -- Attendance: 5772 (96.20%) -- Ticket Income $490,620
Level 2 -- Attendance: 5000 (100.00%) -- Ticket Income $255,000
Level 3 -- Attendance: 2000 (100.00%) -- Ticket Income $64,000
Level 4 -- Attendance: 4000 (100.00%) -- Ticket Income $80,000
Luxury Box -- Attendance: 1000 (100.00%) -- Ticket Income $100,000
Game was played at the Budweiser Coliseum.
Total Attendance: 17772 (98.73%)
Total Ticket Income: $989,620
Other Income: $148,443
Total Income: $1,138,063
Flyers
5 vs 5 Forward
Center Left Wing Right Wing Time % Phy DF OF
1 Jeff Carter Drew Miller Jakub Voracek 40 1 2 2
2 Kyle Wellwood Chris Mcallister Jaromir Jagr 30 1 2 2
3 Marcus Kruger J.T. Miller Mats Zuccarello 20 1 2 2
4 Matthew Lombardi Loui Eriksson Jeff Carter 10 1 2 2
5 vs 5 Defense
Defense Defense Time % Phy DF OF
1 Oliver Ekman-Larsson Jeff Woywitka 40 1 2 2
2 Matt Smaby Steve McCarthy 30 1 2 2
3 Victor Bartley Brian Lashoff 20 1 2 2
4 Nathan Beaulieu Oliver Ekman-Larsson 10 1 2 2
PowerPlay Forward
Center Left Wing Right Wing Time % Phy DF OF
1 Jeff Carter Drew Miller Jakub Voracek 60 1 2 2
2 Kyle Wellwood Chris Mcallister Jaromir Jagr 40 1 2 2
PowerPlay Defense
Defense Defense Time % Phy DF OF
1 Oliver Ekman-Larsson Jeff Woywitka 60 1 2 2
2 Matt Smaby Steve McCarthy 40 1 2 2
Penalty Kill 4 Players Forward
Center Wing Time % Phy DF OF
1 Jeff Carter Drew Miller 60 1 2 2
2 Jakub Voracek Kyle Wellwood 40 1 2 2
Penalty Kill 4 Players Defense
Defense Defense Time % Phy DF OF
1 Oliver Ekman-Larsson Jeff Woywitka 60 1 2 2
2 Matt Smaby Steve McCarthy 40 1 2 2
Penalty Kill - 3 Players Forward
Forward Time % Phy DF OF
1 Jeff Carter 60 1 2 2
2 Drew Miller 40 1 2 2
Penalty Kill - 3 Players Defense
Defense Defense Time % Phy DF OF
1 Oliver Ekman-Larsson Jeff Woywitka 60 1 2 2
2 Matt Smaby Steve McCarthy 40 1 2 2
4 vs 4 Forward
Center Wing Time % Phy DF OF
1 Jeff Carter Drew Miller 60 1 2 2
2 Jakub Voracek Kyle Wellwood 40 1 2 2
4 vs 4 Defense
Defense Defense Time % Phy DF OF
1 Oliver Ekman-Larsson Jeff Woywitka 60 1 2 2
2 Matt Smaby Steve McCarthy 40 1 2 2
Last Minutes Offensive
Center Left Wing Right Wing Defense Defense
Jeff Carter Drew Miller Jakub Voracek Oliver Ekman-Larsson Jeff Woywitka
Last Minutes Defensive
Center Left Wing Right Wing Defense Defense
Jeff Carter Drew Miller Jakub Voracek Oliver Ekman-Larsson Jeff Woywitka
Goaltenders
Starting : Cory Schneider
Backup : Steve Mason
Extra Forwards
Normal : J.T. Miller, Loui Eriksson, Marcus Kruger - PP : J.T. Miller, Loui Eriksson - PK : Marcus Kruger
Extra Defensemen
Normal : Victor Bartley, Brian Lashoff, Nathan Beaulieu - PP : Victor Bartley - PK : Brian Lashoff, Nathan Beaulieu
Penalty Shots
Jeff Carter, Drew Miller, Jakub Voracek, Kyle Wellwood, Jaromir Jagr
Scratches
Brian McGrattan (Suspend), Jonathan Ericsson (Right Leg Injury)
Canucks
5 vs 5 Forward
Center Left Wing Right Wing Time % Phy DF OF
1 Matt Stajan Chris Higgins Brad Boyes 62 0 0 5
2 Mike Ribeiro Clarke MacArthur Nick Palmieri 24 0 1 4
3 Scott Gomez Derek Boogaard Martins Karsums 10 0 2 3
4 Nik Antropov Ryan Hollweg Johan Franzen 4 1 2 2
5 vs 5 Defense
Defense Defense Time % Phy DF OF
1 Alex Goligoski Jamie McBain 65 0 0 5
2 Steve Montador Danny DeKeiser 20 1 2 2
3 Ladislav Smid Justin Falk 10 1 2 2
4 Alex Goligoski Jamie McBain 5 0 0 5
PowerPlay Forward
Center Left Wing Right Wing Time % Phy DF OF
1 Matt Stajan Clarke MacArthur Brad Boyes 60 0 0 5
2 Mike Ribeiro Chris Higgins Nick Palmieri 40 0 0 5
PowerPlay Defense
Defense Defense Time % Phy DF OF
1 Alex Goligoski Jamie McBain 60 0 0 5
2 Jamie McBain Danny DeKeiser 40 0 0 5
Penalty Kill 4 Players Forward
Center Wing Time % Phy DF OF
1 Brad Boyes Chris Higgins 70 1 2 2
2 Matt Stajan Derek Boogaard 30 1 2 2
Penalty Kill 4 Players Defense
Defense Defense Time % Phy DF OF
1 Alex Goligoski Steve Montador 60 1 2 2
2 Jamie McBain Ladislav Smid 40 1 2 2
Penalty Kill - 3 Players Forward
Forward Time % Phy DF OF
1 Brad Boyes 70 1 2 2
2 Mike Ribeiro 30 1 2 2
Penalty Kill - 3 Players Defense
Defense Defense Time % Phy DF OF
1 Alex Goligoski Steve Montador 70 1 2 2
2 Jamie McBain Ladislav Smid 30 1 2 2
4 vs 4 Forward
Center Wing Time % Phy DF OF
1 Brad Boyes Mike Ribeiro 60 1 2 2
2 Matt Stajan Derek Boogaard 40 1 2 2
4 vs 4 Defense
Defense Defense Time % Phy DF OF
1 Alex Goligoski Steve Montador 60 1 2 2
2 Jamie McBain Ladislav Smid 40 1 2 2
Last Minutes Offensive
Center Left Wing Right Wing Defense Defense
Matt Stajan Clarke MacArthur Brad Boyes Alex Goligoski Steve Montador
Last Minutes Defensive
Center Left Wing Right Wing Defense Defense
Mike Ribeiro Chris Higgins Brad Boyes Alex Goligoski Steve Montador
Goaltenders
Starting : Michal Neuvirth
Backup : Alex Stalock
Extra Forwards
Normal : Clarke MacArthur, Ryan Hollweg, Johan Franzen - PP : Clarke MacArthur, Ryan Hollweg - PK : Johan Franzen
Extra Defensemen
Normal : Danny DeKeiser, Justin Falk, Jamie McBain - PP : Danny DeKeiser - PK : Justin Falk, Jamie McBain
Penalty Shots
Brad Boyes, Mike Ribeiro, Chris Higgins, Derek Boogaard, Clarke MacArthur
Scratches
Chris Campoli (Healthy)
% Time on Ice - Flyers
Lines # - Real PCT - Wanted PCT - Time Play
Normal Forward
1 - 34% - 40% - 17:10
2 - 31% - 30% - 15:39
3 - 23% - 20% - 11:28
4 - 11% - 10% - 5:44
Normal Defense
1 - 37% - 40% - 18:16
2 - 34% - 30% - 16:50
3 - 24% - 20% - 11:53
4 - 6% - 10% - 3:02
PP Forward
1 - 55% - 60% - 2:12
2 - 45% - 40% - 1:46
PP Defense
1 - 61% - 60% - 2:26
2 - 39% - 40% - 1:32
PK Forward
1 - 82% - 60% - 4:00
2 - 18% - 40% - 0:54
PK Defense
1 - 50% - 60% - 2:27
2 - 50% - 40% - 2:27
PK3 Forward
1 - 0% - 60%
2 - 0% - 40%
PK3 Defense
1 - 0% - 60%
2 - 0% - 40%
44 Forward
1 - 0% - 60%
2 - 0% - 40%
44 Defense
1 - 0% - 60%
2 - 0% - 40%
Last Minute Offensive - 1:07
Last Minute Defensive - 0:00
Total
Forward - 60:00
Defense - 60:00
|
% Time on Ice - Canucks
Lines # - Real PCT - Wanted PCT - Time Play
Normal Forward
1 - 38% - 62% - 18:47
2 - 29% - 24% - 14:33
3 - 20% - 10% - 9:53
4 - 14% - 4% - 6:51
Normal Defense
1 - 46% - 65% - 23:07
2 - 33% - 20% - 16:36
3 - 21% - 10% - 10:21
4 - 0% - 5% - 0:00
PP Forward
1 - 57% - 60% - 2:49
2 - 43% - 40% - 2:05
PP Defense
1 - 66% - 60% - 3:13
2 - 34% - 40% - 1:41
PK Forward
1 - 100% - 70% - 3:58
2 - 0% - 30% - 0:00
PK Defense
1 - 52% - 60% - 2:03
2 - 48% - 40% - 1:55
PK3 Forward
1 - 0% - 70%
2 - 0% - 30%
PK3 Defense
1 - 0% - 70%
2 - 0% - 30%
44 Forward
1 - 0% - 60%
2 - 0% - 40%
44 Defense
1 - 0% - 60%
2 - 0% - 40%
Last Minute Offensive - 0:00
Last Minute Defensive - 1:04
Total
Forward - 60:00
Defense - 60:00
|
Play-by-Play
1st period
0:01 of 1st period - Jeff Carter wins face-off versus Matt Stajan in neutral zone.
0:06 of 1st period - Snap shot by Jakub Voracek.
0:06 of 1st period - Shot Hit the Post.
0:08 of 1st period - Slapshot by Jeff Woywitka.
0:08 of 1st period - Stopped by Michal Neuvirth without a rebound.
0:09 of 1st period - Matt Stajan wins face-off versus Jeff Carter in Canucks zone.
0:14 of 1st period - Slapshot by Chris Higgins.
0:14 of 1st period - Deflect By Matt Stajan.
0:14 of 1st period - Stopped by Cory Schneider with a rebound.
0:26 of 1st period - Wrist shot by Matt Stajan.
0:26 of 1st period - Stopped by Cory Schneider without a rebound.
0:27 of 1st period - Mike Ribeiro wins face-off versus Kyle Wellwood in Flyers zone.
0:36 of 1st period - Steve Montador is hit by Chris Mcallister and loses puck.
0:43 of 1st period - Wrist shot by Mike Ribeiro.
0:43 of 1st period - Stopped by Cory Schneider without a rebound.
0:44 of 1st period - Scott Gomez wins face-off versus Marcus Kruger in Flyers zone.
0:51 of 1st period - Snap shot by Scott Gomez.
0:51 of 1st period - Shot Misses the Net.
0:53 of 1st period - Snap shot by Martins Karsums.
0:53 of 1st period - Stopped by Cory Schneider with a rebound.
1:14 of 1st period - Slapshot by Alex Goligoski.
1:14 of 1st period - Shot Blocked by Loui Eriksson.
1:38 of 1st period - Slapshot by Chris Mcallister.
1:38 of 1st period - Stopped by Michal Neuvirth without a rebound.
1:39 of 1st period - Drew Miller wins face-off versus Matt Stajan in Canucks zone.
2:27 of 1st period - Snap shot by Mats Zuccarello.
2:27 of 1st period - Stopped by Michal Neuvirth with a rebound.
2:29 of 1st period - Snap shot by Mats Zuccarello.
2:29 of 1st period - Stopped by Michal Neuvirth with a rebound.
2:47 of 1st period - Nik Antropov is hit by Oliver Ekman-Larsson.
3:24 of 1st period - Icing by Jamie McBain.
3:25 of 1st period - Jeff Carter wins face-off versus Mike Ribeiro in Canucks zone.
3:26 of 1st period - Snap shot by Drew Miller.
3:26 of 1st period - Goal by Drew Miller - Flyers : 1 - Canucks : 0.
3:27 of 1st period - Drew Miller wins face-off versus Matt Stajan in neutral zone.
3:42 of 1st period - Backhand shot by Jakub Voracek.
3:42 of 1st period - Stopped by Michal Neuvirth with a rebound.
3:44 of 1st period - Slapshot by Steve McCarthy.
3:44 of 1st period - Stopped by Michal Neuvirth with a rebound.
4:25 of 1st period - Snap shot by Scott Gomez.
4:25 of 1st period - Deflect By Jeff Woywitka.
4:25 of 1st period - Stopped by Cory Schneider without a rebound.
4:26 of 1st period - Jeff Carter wins face-off versus Matt Stajan in Flyers zone.
4:31 of 1st period - Steve McCarthy is hit by Ladislav Smid and loses puck.
4:40 of 1st period - Snap shot by Jeff Carter.
4:40 of 1st period - Stopped by Michal Neuvirth without a rebound.
4:41 of 1st period - Jeff Carter wins face-off versus Matt Stajan in Canucks zone.
5:18 of 1st period - Wrist shot by J.T. Miller.
5:18 of 1st period - Deflect By Marcus Kruger.
5:18 of 1st period - Shot Misses the Net.
5:18 of 1st period - Puck is out of play.
5:19 of 1st period - Jeff Carter wins face-off versus Mike Ribeiro in Canucks zone.
5:24 of 1st period - Wrist shot by Jakub Voracek.
5:24 of 1st period - Shot Blocked by Danny DeKeiser.
5:30 of 1st period - Wrist shot by Mike Ribeiro.
5:30 of 1st period - Stopped by Cory Schneider without a rebound.
5:31 of 1st period - Kyle Wellwood wins face-off versus Mike Ribeiro in Flyers zone.
5:41 of 1st period - Snap shot by Nick Palmieri.
5:41 of 1st period - Shot Blocked by Oliver Ekman-Larsson.
5:43 of 1st period - Slapshot by Jamie McBain.
5:43 of 1st period - Deflect By Mike Ribeiro.
5:43 of 1st period - Shot Blocked by Jaromir Jagr.
5:43 of 1st period - Puck is out of play.
5:44 of 1st period - Brad Boyes wins face-off versus Jeff Carter in Flyers zone.
6:21 of 1st period - Slapshot by Kyle Wellwood.
6:21 of 1st period - Shot Blocked by Clarke MacArthur.
6:41 of 1st period - Slapshot by Marcus Kruger.
6:41 of 1st period - Stopped by Michal Neuvirth with a rebound.
6:51 of 1st period - Loui Eriksson is hit by Brad Boyes and loses puck.
8:18 of 1st period - Off-side.
8:19 of 1st period - Scott Gomez wins face-off versus Matthew Lombardi in neutral zone.
8:30 of 1st period - Wrist shot by Scott Gomez.
8:30 of 1st period - Deflect By Matthew Lombardi.
8:30 of 1st period - Shot Misses the Net.
8:30 of 1st period - Puck is out of play.
8:31 of 1st period - Kyle Wellwood wins face-off versus Matt Stajan in Flyers zone.
8:56 of 1st period - Kyle Wellwood is hit by Johan Franzen and loses puck.
9:21 of 1st period - Snap shot by Jeff Carter.
9:21 of 1st period - Shot Blocked by Alex Goligoski.
9:23 of 1st period - Snap shot by Jeff Carter.
9:23 of 1st period - Deflect By Jakub Voracek.
9:23 of 1st period - Shot Misses the Net.
9:23 of 1st period - Puck is out of play.
9:24 of 1st period - Jeff Carter wins face-off versus Matt Stajan in Canucks zone.
9:25 of 1st period - Slapshot by Jakub Voracek.
9:25 of 1st period - Shot Blocked by Jamie McBain.
9:27 of 1st period - Slapshot by Steve McCarthy.
9:27 of 1st period - Shot Blocked by Matt Stajan.
9:29 of 1st period - Slapshot by Matt Smaby.
9:29 of 1st period - Deflect By Jakub Voracek.
9:29 of 1st period - Shot Blocked by Alex Goligoski.
9:29 of 1st period - Puck is out of play.
9:30 of 1st period - Jeff Carter wins face-off versus Matt Stajan in Canucks zone.
9:48 of 1st period - Minor Penalty to Drew Miller for High sticking.
9:49 of 1st period - Matt Stajan wins face-off versus Jeff Carter in Flyers zone.
9:55 of 1st period - Slapshot by Jamie McBain.
9:55 of 1st period - Shot Misses the Net.
10:23 of 1st period - Jeff Woywitka is hit by Mike Ribeiro and loses puck.
11:13 of 1st period - Matt Stajan is hit by Jeff Carter and loses puck.
11:48 of 1st period - Penalty to Drew Miller is over, Drew Miller is back on ice.
12:06 of 1st period - Wrist shot by Ryan Hollweg.
12:06 of 1st period - Stopped by Cory Schneider without a rebound.
12:07 of 1st period - Scott Gomez wins face-off versus Jaromir Jagr in Flyers zone.
12:08 of 1st period - Snap shot by Martins Karsums.
12:08 of 1st period - Stopped by Cory Schneider without a rebound.
12:09 of 1st period - Kyle Wellwood wins face-off versus Scott Gomez in Flyers zone.
12:35 of 1st period - Snap shot by Jeff Carter.
12:35 of 1st period - Stopped by Michal Neuvirth without a rebound.
12:36 of 1st period - Matt Stajan wins face-off versus Jeff Carter in Canucks zone.
13:03 of 1st period - Nick Palmieri is hit by Marcus Kruger and loses puck.
13:24 of 1st period - Snap shot by Jamie McBain.
13:24 of 1st period - Deflect By Martins Karsums.
13:24 of 1st period - Stopped by Cory Schneider without a rebound.
13:25 of 1st period - Kyle Wellwood wins face-off versus Scott Gomez in Flyers zone.
13:36 of 1st period - Snap shot by Derek Boogaard.
13:36 of 1st period - Stopped by Cory Schneider without a rebound.
13:37 of 1st period - Jeff Carter wins face-off versus Matt Stajan in Flyers zone.
13:37 of 1st period - Jeff Carter is hit by Matt Stajan.
15:19 of 1st period - Wrist shot by Ryan Hollweg.
15:19 of 1st period - Shot Blocked by Jakub Voracek.
15:36 of 1st period - Slapshot by Jamie McBain.
15:36 of 1st period - Deflect By Oliver Ekman-Larsson.
15:36 of 1st period - Stopped by Cory Schneider with a rebound.
16:41 of 1st period - Minor Penalty to Mike Ribeiro for Roughing.
16:42 of 1st period - Drew Miller wins face-off versus Brad Boyes in Canucks zone.
16:43 of 1st period - Snap shot by Jakub Voracek.
16:43 of 1st period - Shot Blocked by Steve Montador.
16:55 of 1st period - Slapshot by Oliver Ekman-Larsson.
16:55 of 1st period - Shot Misses the Net.
17:01 of 1st period - Oliver Ekman-Larsson is hit by Alex Goligoski and loses puck.
18:41 of 1st period - Penalty to Mike Ribeiro is over, Mike Ribeiro is back on ice.
18:41 of 1st period - Brad Boyes is hit by Matt Smaby.
19:13 of 1st period - Jakub Voracek is hit by Ryan Hollweg and loses puck.
19:52 of 1st period - Off-side.
19:53 of 1st period - Matt Stajan wins face-off versus Marcus Kruger in neutral zone.
Goals for this period are 1 for Flyers vs 0 for Canucks.
Shots for this period are 10 for Flyers vs 11 for Canucks.
2nd period
0:01 of 2nd period - Jeff Carter wins face-off versus Matt Stajan in neutral zone.
0:04 of 2nd period - Chris Higgins is hit by Drew Miller and loses puck.
0:27 of 2nd period - Clarke MacArthur is hit by Kyle Wellwood and loses puck.
0:54 of 2nd period - J.T. Miller is hit by Johan Franzen.
1:08 of 2nd period - Snap shot by Loui Eriksson.
1:08 of 2nd period - Deflect By Jeff Carter.
1:08 of 2nd period - Shot Misses the Net.
1:08 of 2nd period - Puck is out of play.
1:09 of 2nd period - Matt Stajan wins face-off versus Matthew Lombardi in Canucks zone.
1:16 of 2nd period - Slapshot by Matt Smaby.
1:16 of 2nd period - Stopped by Michal Neuvirth without a rebound.
1:17 of 2nd period - Jeff Carter wins face-off versus Matt Stajan in Canucks zone.
1:18 of 2nd period - Wrist shot by Jakub Voracek.
1:18 of 2nd period - Shot Blocked by Alex Goligoski.
1:30 of 2nd period - Snap shot by Jeff Carter.
1:30 of 2nd period - Stopped by Michal Neuvirth without a rebound.
1:31 of 2nd period - Jeff Carter wins face-off versus Matt Stajan in Canucks zone.
1:36 of 2nd period - Snap shot by Jeff Carter.
1:36 of 2nd period - Stopped by Michal Neuvirth with a rebound.
1:58 of 2nd period - Oliver Ekman-Larsson is hit by Jamie McBain and loses puck.
2:09 of 2nd period - Snap shot by Kyle Wellwood.
2:09 of 2nd period - Deflect By Chris Mcallister.
2:09 of 2nd period - Shot Misses the Net.
2:09 of 2nd period - Puck is out of play.
2:10 of 2nd period - Matt Stajan wins face-off versus Jeff Carter in Canucks zone.
2:26 of 2nd period - Chris Higgins is hit by Drew Miller and loses puck.
2:33 of 2nd period - Jakub Voracek is hit by Ladislav Smid and loses puck.
2:38 of 2nd period - Snap shot by Matt Stajan.
2:38 of 2nd period - Shot Blocked by Matt Smaby.
2:40 of 2nd period - Wrist shot by Justin Falk.
2:40 of 2nd period - Stopped by Cory Schneider with a rebound.
2:42 of 2nd period - Slapshot by Justin Falk.
2:42 of 2nd period - Stopped by Cory Schneider with a rebound.
2:44 of 2nd period - Slapshot by Ladislav Smid.
2:44 of 2nd period - Stopped by Cory Schneider with a rebound.
2:50 of 2nd period - Slapshot by Brad Boyes.
2:50 of 2nd period - Shot Misses the Net.
3:51 of 2nd period - Wrist shot by Brad Boyes.
3:51 of 2nd period - Shot Hit the Post.
3:53 of 2nd period - Wrist shot by Chris Higgins.
3:53 of 2nd period - Shot Misses the Net.
3:55 of 2nd period - Slapshot by Chris Higgins.
3:55 of 2nd period - Deflect By Matt Smaby.
3:55 of 2nd period - Shot Misses the Net.
3:55 of 2nd period - Puck is out of play.
3:56 of 2nd period - Mike Ribeiro wins face-off versus Kyle Wellwood in Flyers zone.
4:05 of 2nd period - Slapshot by Mike Ribeiro.
4:05 of 2nd period - Shot Blocked by Oliver Ekman-Larsson.
4:11 of 2nd period - Slapshot by Oliver Ekman-Larsson.
4:11 of 2nd period - Shot Misses the Net.
4:13 of 2nd period - Wrist shot by Jeff Woywitka.
4:13 of 2nd period - Stopped by Michal Neuvirth with a rebound.
4:25 of 2nd period - Slapshot by Alex Goligoski.
4:25 of 2nd period - Stopped by Cory Schneider with a rebound.
4:27 of 2nd period - Snap shot by Scott Gomez.
4:27 of 2nd period - Deflect By Derek Boogaard.
4:27 of 2nd period - Goal by Derek Boogaard - Flyers : 1 - Canucks : 1.
4:28 of 2nd period - Chris Mcallister wins face-off versus Mike Ribeiro in neutral zone.
4:55 of 2nd period - Wrist shot by Nik Antropov.
4:55 of 2nd period - Stopped by Cory Schneider with a rebound.
4:57 of 2nd period - Slapshot by Danny DeKeiser.
4:57 of 2nd period - Stopped by Cory Schneider with a rebound.
4:59 of 2nd period - Slapshot by Danny DeKeiser.
4:59 of 2nd period - Deflect By Jeff Woywitka.
4:59 of 2nd period - Stopped by Cory Schneider without a rebound.
5:00 of 2nd period - Marcus Kruger wins face-off versus Nik Antropov in Flyers zone.
5:07 of 2nd period - Johan Franzen is hit by Marcus Kruger and loses puck.
5:14 of 2nd period - Snap shot by Mats Zuccarello.
5:14 of 2nd period - Stopped by Michal Neuvirth with a rebound.
5:16 of 2nd period - Slapshot by Brian Lashoff.
5:16 of 2nd period - Stopped by Michal Neuvirth with a rebound.
6:06 of 2nd period - Marcus Kruger is hit by Derek Boogaard and loses puck.
6:20 of 2nd period - Off-side.
6:21 of 2nd period - Nik Antropov wins face-off versus Jeff Carter in neutral zone.
6:26 of 2nd period - Snap shot by Nik Antropov.
6:26 of 2nd period - Shot Misses the Net.
6:34 of 2nd period - Wrist shot by Ryan Hollweg.
6:34 of 2nd period - Shot Blocked by Victor Bartley.
7:30 of 2nd period - Off-side.
7:31 of 2nd period - Jeff Carter wins face-off versus Scott Gomez in neutral zone.
8:27 of 2nd period - Scott Gomez is hit by Drew Miller.
8:31 of 2nd period - Steve Montador is hit by Steve McCarthy and loses puck.
9:45 of 2nd period - Icing by Martins Karsums.
9:46 of 2nd period - Scott Gomez wins face-off versus Kyle Wellwood in Canucks zone.
9:57 of 2nd period - Wrist shot by Scott Gomez.
9:57 of 2nd period - Stopped by Cory Schneider without a rebound.
9:58 of 2nd period - Kyle Wellwood wins face-off versus Matt Stajan in Flyers zone.
9:58 of 2nd period - Kyle Wellwood is hit by Matt Stajan.
10:35 of 2nd period - Snap shot by Clarke MacArthur.
10:35 of 2nd period - Stopped by Cory Schneider without a rebound.
10:36 of 2nd period - Kyle Wellwood wins face-off versus Brad Boyes in Flyers zone.
10:43 of 2nd period - Wrist shot by Matt Stajan.
10:43 of 2nd period - Shot Misses the Net.
11:03 of 2nd period - Nick Palmieri is hit by J.T. Miller and loses puck.
11:28 of 2nd period - Kyle Wellwood is hit by Nik Antropov and loses puck.
12:05 of 2nd period - Mike Ribeiro is hit by J.T. Miller.
13:30 of 2nd period - Minor Penalty to Marcus Kruger for Hooking.
13:31 of 2nd period - Matt Stajan wins face-off versus Jeff Carter in Flyers zone.
14:16 of 2nd period - Icing by Brad Boyes.
14:17 of 2nd period - Brad Boyes wins face-off versus Jeff Carter in Canucks zone.
14:26 of 2nd period - Wrist shot by Brad Boyes.
14:26 of 2nd period - Goal by Brad Boyes - Flyers : 1 - Canucks : 2.
14:27 of 2nd period - Jeff Carter wins face-off versus Matt Stajan in neutral zone.
14:58 of 2nd period - Wrist shot by Nick Palmieri.
14:58 of 2nd period - Stopped by Cory Schneider with a rebound.
15:13 of 2nd period - Icing by Jaromir Jagr.
15:14 of 2nd period - Nik Antropov wins face-off versus Marcus Kruger in Flyers zone.
15:29 of 2nd period - Snap shot by Ryan Hollweg.
15:29 of 2nd period - Stopped by Cory Schneider without a rebound.
15:30 of 2nd period - Jakub Voracek wins face-off versus Matt Stajan in Flyers zone.
15:30 of 2nd period - Jakub Voracek is hit by Chris Higgins.
16:06 of 2nd period - Backhand shot by Mike Ribeiro.
16:06 of 2nd period - Shot Misses the Net.
16:18 of 2nd period - Steve Montador is hit by Mats Zuccarello and loses puck.
17:07 of 2nd period - Snap shot by Chris Mcallister.
17:07 of 2nd period - Shot Blocked by Justin Falk.
17:09 of 2nd period - Slapshot by Kyle Wellwood.
17:09 of 2nd period - Stopped by Michal Neuvirth without a rebound.
17:10 of 2nd period - Matt Stajan wins face-off versus Kyle Wellwood in Canucks zone.
18:05 of 2nd period - Snap shot by Drew Miller.
18:05 of 2nd period - Stopped by Michal Neuvirth without a rebound.
18:06 of 2nd period - Matt Stajan wins face-off versus Marcus Kruger in Canucks zone.
18:41 of 2nd period - Snap shot by Nick Palmieri.
18:41 of 2nd period - Shot Blocked by Jeff Carter.
19:28 of 2nd period - Wrist shot by Drew Miller.
19:28 of 2nd period - Deflect By Jakub Voracek.
19:28 of 2nd period - Shot Misses the Net.
19:28 of 2nd period - Puck is out of play.
19:29 of 2nd period - Matt Stajan wins face-off versus Kyle Wellwood in Canucks zone.
19:29 of 2nd period - Matt Stajan is hit by Chris Mcallister.
Goals for this period are 0 for Flyers vs 2 for Canucks.
Shots for this period are 8 for Flyers vs 13 for Canucks.
3rd period
0:01 of 3rd period - Matt Stajan wins face-off versus Jeff Carter in neutral zone.
0:04 of 3rd period - Oliver Ekman-Larsson is hit by Chris Higgins and loses puck.
0:14 of 3rd period - Icing by Drew Miller.
0:15 of 3rd period - Matt Stajan wins face-off versus Jeff Carter in Flyers zone.
0:56 of 3rd period - Wrist shot by Chris Mcallister.
0:56 of 3rd period - Deflect By Kyle Wellwood.
0:56 of 3rd period - Stopped by Michal Neuvirth with a rebound.
1:15 of 3rd period - Jamie McBain is hit by Brian Lashoff and loses puck.
1:32 of 3rd period - Loui Eriksson is hit by Steve Montador and loses puck.
1:39 of 3rd period - Wrist shot by Loui Eriksson.
1:39 of 3rd period - Stopped by Michal Neuvirth with a rebound.
1:54 of 3rd period - Slapshot by Matt Smaby.
1:54 of 3rd period - Shot Blocked by Danny DeKeiser.
1:56 of 3rd period - Wrist shot by Kyle Wellwood.
1:56 of 3rd period - Deflect By Chris Mcallister.
1:56 of 3rd period - Stopped by Michal Neuvirth with a rebound.
2:31 of 3rd period - Snap shot by Nik Antropov.
2:31 of 3rd period - Shot Misses the Net.
2:43 of 3rd period - Slapshot by Steve Montador.
2:43 of 3rd period - Deflect By Chris Higgins.
2:43 of 3rd period - Stopped by Cory Schneider without a rebound.
2:44 of 3rd period - Kyle Wellwood wins face-off versus Matt Stajan in Flyers zone.
2:48 of 3rd period - Off-side.
2:49 of 3rd period - Matt Stajan wins face-off versus Jakub Voracek in neutral zone.
3:44 of 3rd period - Off-side.
3:45 of 3rd period - Jeff Carter wins face-off versus Matt Stajan in neutral zone.
3:48 of 3rd period - Snap shot by Victor Bartley.
3:48 of 3rd period - Stopped by Michal Neuvirth without a rebound.
3:49 of 3rd period - Jeff Carter wins face-off versus Matt Stajan in Canucks zone.
4:20 of 3rd period - Snap shot by Jakub Voracek.
4:20 of 3rd period - Deflect By Jeff Carter.
4:20 of 3rd period - Shot Misses the Net.
4:20 of 3rd period - Puck is out of play.
4:21 of 3rd period - Kyle Wellwood wins face-off versus Scott Gomez in Canucks zone.
4:22 of 3rd period - Snap shot by Chris Mcallister.
4:22 of 3rd period - Deflect By Jaromir Jagr.
4:22 of 3rd period - Shot Misses the Net.
4:22 of 3rd period - Puck is out of play.
4:23 of 3rd period - Kyle Wellwood wins face-off versus Matt Stajan in Canucks zone.
4:32 of 3rd period - Wrist shot by Kyle Wellwood.
4:32 of 3rd period - Shot Misses the Net.
4:34 of 3rd period - Snap shot by Chris Mcallister.
4:34 of 3rd period - Shot Blocked by Alex Goligoski.
4:36 of 3rd period - Slapshot by Jeff Woywitka.
4:36 of 3rd period - Shot Blocked by Jamie McBain.
4:38 of 3rd period - Snap shot by Kyle Wellwood.
4:38 of 3rd period - Shot Blocked by Alex Goligoski.
4:54 of 3rd period - Slapshot by Jamie McBain.
4:54 of 3rd period - Shot Misses the Net.
5:16 of 3rd period - Snap shot by Martins Karsums.
5:16 of 3rd period - Deflect By Derek Boogaard.
5:16 of 3rd period - Shot Misses the Net.
5:16 of 3rd period - Puck is out of play.
5:17 of 3rd period - Kyle Wellwood wins face-off versus Scott Gomez in Flyers zone.
5:17 of 3rd period - Kyle Wellwood is hit by Martins Karsums.
5:43 of 3rd period - Justin Falk is hit by Jakub Voracek and loses puck.
6:57 of 3rd period - Wrist shot by Chris Higgins.
6:57 of 3rd period - Stopped by Cory Schneider without a rebound.
6:58 of 3rd period - Jakub Voracek wins face-off versus Scott Gomez in Flyers zone.
7:03 of 3rd period - Oliver Ekman-Larsson is hit by Derek Boogaard.
7:27 of 3rd period - Wrist shot by Clarke MacArthur.
7:27 of 3rd period - Deflect By J.T. Miller.
7:27 of 3rd period - Stopped by Cory Schneider without a rebound.
7:28 of 3rd period - Kyle Wellwood wins face-off versus Mike Ribeiro in Flyers zone.
8:09 of 3rd period - Off-side.
8:10 of 3rd period - Jeff Carter wins face-off versus Matt Stajan in neutral zone.
8:13 of 3rd period - Jamie McBain is hit by Drew Miller.
8:17 of 3rd period - Alex Goligoski is hit by Jakub Voracek and loses puck.
9:20 of 3rd period - Chris Higgins is hit by Jaromir Jagr and loses puck.
9:35 of 3rd period - Minor Penalty to Brad Boyes for Holding.
9:36 of 3rd period - Jeff Carter wins face-off versus Johan Franzen in Canucks zone.
9:45 of 3rd period - Snap shot by Jeff Carter.
9:45 of 3rd period - Shot Blocked by Alex Goligoski.
9:47 of 3rd period - Slapshot by Jeff Woywitka.
9:47 of 3rd period - Shot Misses the Net.
9:49 of 3rd period - Snap shot by Jeff Carter.
9:49 of 3rd period - Stopped by Michal Neuvirth with a rebound.
9:51 of 3rd period - Slapshot by Oliver Ekman-Larsson.
9:51 of 3rd period - Stopped by Michal Neuvirth without a rebound.
9:52 of 3rd period - Johan Franzen wins face-off versus Jeff Carter in Canucks zone.
11:15 of 3rd period - Jamie McBain is hit by Kyle Wellwood.
11:25 of 3rd period - Jeff Carter is hit by Jamie McBain and loses puck.
11:35 of 3rd period - Penalty to Brad Boyes is over, Brad Boyes is back on ice.
11:54 of 3rd period - Snap shot by Martins Karsums.
11:54 of 3rd period - Stopped by Cory Schneider without a rebound.
11:55 of 3rd period - Matthew Lombardi wins face-off versus Nik Antropov in Flyers zone.
11:57 of 3rd period - Icing by Loui Eriksson.
11:58 of 3rd period - Nik Antropov wins face-off versus Matthew Lombardi in Flyers zone.
12:33 of 3rd period - Slapshot by Matt Smaby.
12:33 of 3rd period - Deflect By Kyle Wellwood.
12:33 of 3rd period - Stopped by Michal Neuvirth with a rebound.
12:39 of 3rd period - Steve Montador is hit by Matt Smaby and loses puck.
12:59 of 3rd period - Chris Higgins is hit by Jaromir Jagr and loses puck.
13:12 of 3rd period - Wrist shot by Chris Higgins.
13:12 of 3rd period - Stopped by Cory Schneider without a rebound.
13:13 of 3rd period - Jeff Carter wins face-off versus Mike Ribeiro in Flyers zone.
14:01 of 3rd period - Minor Penalty to Loui Eriksson for Roughing.
14:02 of 3rd period - Jeff Carter wins face-off versus Matt Stajan in Flyers zone.
15:07 of 3rd period - Matt Stajan is hit by Drew Miller and loses puck.
15:24 of 3rd period - Snap shot by Drew Miller.
15:24 of 3rd period - Stopped by Michal Neuvirth with a rebound.
15:37 of 3rd period - Icing by Ladislav Smid.
15:38 of 3rd period - Marcus Kruger wins face-off versus Matt Stajan in Canucks zone.
15:47 of 3rd period - Slapshot by J.T. Miller.
15:47 of 3rd period - Stopped by Michal Neuvirth with a rebound.
15:49 of 3rd period - Slapshot by Oliver Ekman-Larsson.
15:49 of 3rd period - Stopped by Michal Neuvirth without a rebound.
15:50 of 3rd period - Mike Ribeiro wins face-off versus Jeff Carter in Canucks zone.
15:55 of 3rd period - Slapshot by Mike Ribeiro.
15:55 of 3rd period - Stopped by Cory Schneider with a rebound.
16:01 of 3rd period - Penalty to Loui Eriksson is over, Loui Eriksson is back on ice.
16:11 of 3rd period - Mats Zuccarello is hit by Derek Boogaard and loses puck.
16:30 of 3rd period - Snap shot by Kyle Wellwood.
16:30 of 3rd period - Shot Misses the Net.
16:42 of 3rd period - Wrist shot by Jakub Voracek.
16:42 of 3rd period - Shot Blocked by Justin Falk.
16:44 of 3rd period - Slapshot by Brian Lashoff.
16:44 of 3rd period - Shot Blocked by Ladislav Smid.
16:46 of 3rd period - Backhand shot by Brian Lashoff.
16:46 of 3rd period - Shot Misses the Net.
17:13 of 3rd period - Wrist shot by Johan Franzen.
17:13 of 3rd period - Shot Misses the Net.
17:15 of 3rd period - Snap shot by Nik Antropov.
17:15 of 3rd period - Stopped by Cory Schneider without a rebound.
17:16 of 3rd period - Matt Stajan wins face-off versus Kyle Wellwood in Flyers zone.
17:33 of 3rd period - Steve McCarthy is hit by Alex Goligoski.
17:39 of 3rd period - Snap shot by Mats Zuccarello.
17:39 of 3rd period - Shot Misses the Net.
17:41 of 3rd period - Slapshot by Oliver Ekman-Larsson.
17:41 of 3rd period - Stopped by Michal Neuvirth with a rebound.
19:19 of 3rd period - Flyers, Cory Schneider is pulled from the net.
19:25 of 3rd period - Snap shot by Jakub Voracek.
19:25 of 3rd period - Shot Blocked by Mike Ribeiro.
Goals for this period are 0 for Flyers vs 0 for Canucks.
Shots for this period are 11 for Flyers vs 7 for Canucks.
Back to the Top